 Seeded DCSS version 0.27.1 (webtiles) character file.

Game seed: 25510827 (custom seed)

81 a11behringer the Slasher (level 4, -1/35 HPs)
             Began as a Formicid Fighter on Aug 27, 2021.
             Slain by a river rat (4 damage)
             ... in a sewer.
             The game lasted 00:09:47 (2495 turns).

a11behringer the Slasher (Formicid Fighter)         Turns: 2495, Time: 00:09:47

Health: -1/35      AC:  6    Str: 21    XL:     4   Next: 67%
Magic:  4/4        EV:  8    Int:  7    God:
Gold:   152        SH: 10    Dex: 17    Spells: 3/3 levels left

rFire    . . .     SeeInvis +   a - +0 long sword
rCold    . . .     Faith    .   c - +0 kite shield
rNeg     . . .     Spirit   .   b - +0 scale mail
rPois    .         Reflect  .   (helmet unavailable)
rElec    .         Harm     .   (no cloak)
rCorr    .         Rampage  .   (no gloves)
Will     .....                  (no boots)
Stlth    ..........             (no amulet)
HPRegen  0.11/turn              m - +6 ring of dexterity
MPRegen  0.09/turn              (no ring)

@: no status effects
A: permanent stasis, dig shafts and tunnels, antennae 3, four strong arms
a: Dig


You were in a sewer.
You visited 1 branch of the dungeon, and saw 3 of its levels.
You also visited: Sewer.

You collected 152 gold pieces.

Inventory:

Hand Weapons
 a - a +0 long sword (weapon)
 f - a +0 short sword of electrocution
 g - a +0 hunting sling
Missiles
 l - 27 stones
Armour
 b - a +0 scale mail (worn)
 c - a +0 kite shield (worn)
 h - a +0 cloak
 i - a +0 pair of boots
Jewellery
 m - a +6 ring of dexterity (left hand)
 o - a ring of ice
Scrolls
 e - 2 scrolls of magic mapping {unknown}
 j - 2 scrolls of teleportation {unknown}
 k - a scroll of amnesia {unknown}
Potions
 d - a potion of might
 n - a potion of curing {unknown}


   Skills:
 - Level 3.2 Fighting
 * Level 4.5 Long Blades
 - Level 3.2 Armour
 - Level 0.1 Dodging
 - Level 3.6 Shields


You had 3 spell levels left.
You didn't know any spells.
Your spell library was empty.

Dungeon Overview and Level Annotations

Branches:
Dungeon (4/15)              Sewer (1/1)
 Temple: D:4-7

Altars:


Innate Abilities, Weirdness & Mutations

You cannot be hasted, slowed, berserked, paralysed or teleported.
You can dig through walls and to a lower floor.
You have a pair of large antennae on your head. (SInv)
Your four strong arms can wield two-handed weapons with a shield.


Message History

The river rat bites you but does no damage.
The rat closely misses you.
You riposte.
You barely miss the rat. The river rat bites you!
* * * LOW HITPOINT WARNING * * *
You hit the river rat.
The river rat is lightly wounded.
The river rat bites you but does no damage.
You block the river rat's attack.
You hit the river rat but do no damage.
The river rat is lightly wounded.
The river rat bites you.
* * * LOW HITPOINT WARNING * * *
You block the river rat's attack.
You closely miss the river rat. You block the river rat's attack. x2
The river rat bites you.
* * * LOW HITPOINT WARNING * * *
You block the river rat's attack.
You slash the river rat!
The river rat is almost dead.
The river rat bites you.
* * * LOW HITPOINT WARNING * * *
You block the river rat's attack.
You hit the river rat.
You kill the river rat!
You block the river rat's attack. The rat barely misses you.
You completely miss the rat. You block the river rat's attack.
You block the rat's attack. You block the river rat's attack.
You hit the rat.
The rat is moderately wounded.
The rat barely misses you. You block the river rat's attack.
You slash the rat!
You kill the rat!
You block the river rat's attack.
You barely miss the river rat. The river rat barely misses you.
The river rat bites you.
* * * LOW HITPOINT WARNING * * *
You hit the river rat.
The river rat is heavily wounded.
The river rat bites you.
You die... ############### ≈......∩.rrr@.# ###############

You could see a river rat and 2 rats.

Vanquished Creatures
  2 river rats
  An adder (D:2)
  A worm (D:4)
  A dart slug (D:1)
  A ball python (D:1)
  8 bats
  4 endoplasms
  2 giant cockroaches (D:2)
  9 goblins
  A hobgoblin (D:2)
  A quokka (D:4)
  5 frilled lizards
  9 kobolds
  6 rats
51 creatures vanquished.

Notes
Turn   | Place    | Note
-------+----------+-------------------------------------------
     0 | D:1      | a11behringer the Formicid Fighter began the quest for the
                  | Orb.
     0 | D:1      | Reached XP level 1. HP: 18/18 MP: 1/1
   191 | D:1      | Reached XP level 2. HP: 22/24 MP: 2/2
   197 | D:1      | Found a faded altar of an unknown god.
   299 | D:1      | Reached skill level 3 in Long Blades
   749 | D:1      | Reached XP level 3. HP: 23/29 MP: 3/3
  1660 | D:2      | Reached XP level 4. HP: 27/35 MP: 4/4
  1732 | D:2      | Reached skill level 4 in Long Blades
  2391 | D:2      | You fall into a shaft and drop 2 floors!
  2457 | D:4      | Found a glowing drain.
  2477 | Sewer    | Entered a sewer
  2495 | Sewer    | Slain by a river rat

Illustrated notes

Levels and vault maps discovered:
D:1:      saegor_arrival_simple_c, layout_loops_corners,
          hellmonk_ecumenical_altar_inner_sanctum, minmay_misc_feat_square,
          minmay_splitting_lines, wander_ebering_terrifying_dragon_lair
D:2:      layout_basic, minmay_misc_feat_encased, chequers_garden,
          minmay_tetromino_l4
D:4:      layout_cave_pools, serial_shops, shop_fountains,
          cheibrodos_sewer_entry_sluice, uniq_duvessa
Sewer:    sewer_kobolds

Skill      XL: |  1  2  3  4 |
---------------+-------------+-----
Long Blades    | 3 4 |  4.5
Fighting       | |  3.2
Armour         | |  3.2
Dodging        | |  0.1
Shields        | |  3.6

Action                   |  1- 3 |  4- 6 || total
-------------------------+-------+-------++-------
Melee: Long sword        |   121 |    41 ||   162
 Abil: Dig               |     2 |     1 ||     3
       Shaft Self        |       |     1 ||     1
Armor: Scale mail        |    60 |     8 ||    68
Dodge: Dodged            |    37 |    10 ||    47
Block: Kite shield       |    93 |    30 ||   123
       Rpst.: Long sword |     7 |     3 ||    10
